 Dungeon Crawl Stone Soup version 0.24.0-124-g2791043dd8 (webtiles) character file.

Game seed: 10948474444293460922, levelgen mode: deterministic

72 Martska the Charmwright (level 4, -2/34 HPs)
             Began as a Human Skald on Feb 14, 2020.
             Slain by a worm (3 damage)
             ... on level 2 of the Dungeon.
             The game lasted 00:06:38 (2206 turns).

Martska the Charmwright (Human Skald)               Turns: 2206, Time: 00:06:39

Health: -2/34      AC:  3    Str: 12    XL:     4   Next: 48%
Magic:  6/7        EV: 12    Int: 13    God:
Gold:   70         SH:  0    Dex: 13    Spells: 1/7 levels left

rFire    . . .     SeeInvis .   a - +0 falchion
rCold    . . .     Gourm    .   (no shield)
rNeg     . . .     Faith    .   b - +0 leather armour
rPois    .         Spirit   .   (no helmet)
rElec    .         Reflect  .   (no cloak)
rCorr    .         Harm     .   (no gloves)
MR       .....                  (no boots)
Stlth    +.........             (no amulet)
HPRegen  0.11/turn              (no ring)
MPRegen  0.10/turn              (no ring)

@: no status effects
A: no striking features
a: no special abilities


You were on level 2 of the Dungeon.
You were not hungry.

You visited 1 branch of the dungeon, and saw 2 of its levels.

You collected 70 gold pieces.

Inventory:

Hand Weapons
 a - a +0 falchion (weapon)
 e - a +0 whip of flaming
Armour
 b - a +0 leather armour (worn)
Scrolls
 f - a scroll of identify {unknown}
Potions
 c - a potion of curing {unknown}
 g - a potion of resistance {unknown}
Comestibles
 d - a ration


   Skills:
 * Level 2.6 Fighting
 * Level 2.8 Long Blades
 + Level 1.5 Armour
 + Level 2.2 Dodging
 + Level 2.2 Spellcasting
 + Level 0.1 Hexes
 + Level 3.2 Charms
 + Level 0.6 Translocations


You had one spell level left.
You knew the following spells:

 Your Spells              Type           Power        Failure   Level  Hunger
a - Infusion              Chrm           #...         9%          1    ##.....
b - Shroud of Golubria    Chrm/Tloc      #.....       22%         2    ###....
c - Spectral Weapon       Hex/Chrm       #.......     43%         3    ####...

Your spell library contained the following spells:

 Spells                   Type           Power        Failure   Level  Hunger
 Song of Slaying          Chrm           #.......     12%         2    ###....
 Regeneration             Chrm/Necr      #.........   43%         3    ####...


Dungeon Overview and Level Annotations

Branches:
Dungeon (2/15)

Altars:

Annotations:
D:2 Terence


Message History

You slash the worm!
You kill the worm!
You hit the worm.
The worm is moderately wounded.
You hit the worm.
The worm is heavily wounded.
The worm bites you.
You hit the worm.
The worm is severely wounded.
The worm closely misses you.
You hit the worm.
The worm is almost dead.
The worm bites you!
* * * LOW HITPOINT WARNING * * *
You hit the worm but do no damage.
The worm is almost dead.
You hit the worm.
The worm is almost dead.
The worm bites you.
You die...

....#
#..##.#........#
# #...
#..##.##........#
#..............##
#.........###.##
#####.##### .#
#...# .# ###.# +#
#.# #@# #w# #.#
...w.........>.
#........$.....
#.#r#....#.....
.. ..#####.... ..
### #... # #+#


You could see a worm.

Vanquished Creatures
  2 adders (D:2)
  An ooze (D:1)
  4 worms (D:2)
  5 giant cockroaches
  3 goblins
  3 hobgoblins
  3 jackals (D:2)
  10 kobolds
  A quokka (D:2)
  A ball python (D:1)
  A bat (D:2)
  A frilled lizard (D:1)
  4 rats
39 creatures vanquished.

Notes
Turn   | Place    | Note
-------+----------+-------------------------------------------
     0 | D:1      | Martska the Human Skald began the quest for the Orb.
     0 | D:1      | Reached XP level 1. HP: 16/16 MP: 3/3
   115 | D:1      | Reached XP level 2. HP: 12/22 MP: 0/5
   358 | D:1      | Learned a level 2 spell: Shroud of Golubria
   577 | D:1      | Reached XP level 3. HP: 7/28 MP: 1/6
  1619 | D:2      | Reached XP level 4. HP: 17/34 MP: 2/7
  2000 | D:2      | Learned a level 3 spell: Spectral Weapon
  2142 | D:2      | Noticed Terence
  2204 | D:2      | HP: 1/34 [worm (10)]
  2206 | D:2      | Slain by a worm

Levels and vault maps discovered:
D:1:      dpeg_arrival_houses_and_road, layout_rooms
D:2:      layout_loops_corners, grunt_gozag_statues, small_statue_intersection,
          minmay_misc_feat_secret_circle, grunt_decor_cap, uniq_robin,
          uniq_terence

Action                   |  1- 3 |  4- 6 || total
-------------------------+-------+-------++-------
Melee: Falchion          |    68 |    60 ||   128
       Whip              |     3 |       ||     3
 Cast: Infusion          |     8 |     2 ||    10
 Stab: Sleeping          |       |     1 ||     1
  Eat: Ration            |     1 |     1 ||     2
Armor: Leather armour    |    15 |     6 ||    21
Dodge: Dodged            |    73 |    30 ||   103
       Rpst.: Falchion   |    18 |    11 ||    29
